 Dungeon Crawl Stone Soup version 0.26.1-11-gd32895ea62 (webtiles) character file.

Game seed: 930068142149702246

15567 phalm the Fighter (level 12, 95/95 HPs)
             Began as a Demonspawn Conjurer on June 24, 2021.
             Was an Initiate of Gozag.
             Quit the game on level 1 of the Lair of Beasts.
             The game lasted 00:30:52 (16705 turns).

phalm the Fighter (Demonspawn Conjurer)            Turns: 16705, Time: 00:30:53

Health: 95/95      AC: 17    Str: 22    XL:     12   Next: 2%
Magic:  14/24      EV: 12    Int: 24    God:    Gozag
Gold:   1301       SH:  0    Dex: 19    Spells: 16/28 levels left

rFire    . . .     SeeInvis .   E - +7 war axe "Kabelipn" {flame, Fragile rN+ Str+2 Dex+4}
rCold    . . .     Faith    .   (no shield)
rNeg     + . .     Spirit   .   N - +1 swamp dragon scales
rPois    +         Reflect  .   x - +2 helmet "Guabeul" {Str+6}
rElec    .         Harm     .   n - +0 cloak
rCorr    .         Rampage  +   X - +0 pair of gloves {Dex+3}
Will     +....                  d - +1 pair of boots {rampage}
Stlth    ++........             (no amulet)
HPRegen  0.25/turn              s - ring of willpower
MPRegen  0.19/turn              S - +6 ring of strength

@: gold aura
A: icy blue scales 1, demonic guardian 1, powered by death 2
a: Renounce Religion, Potion Petition, Call Merchant, Bribe Branch


You were on level 1 of the Lair of Beasts.
You worshipped Gozag.
Gozag was most pleased with you.
You visited 2 branches of the dungeon, and saw 12 of its levels.

You collected 2144 gold pieces.
You spent 776 gold pieces at shops.
You paid 67 gold pieces to Gozag.


Innate Abilities, Weirdness & Mutations

You are partially covered in icy blue scales. (AC +2)
A weak demonic guardian rushes to your aid.
You regenerate health from kills.


   Skills:
 + Level 9.1 Fighting
 - Level 1.7 Dodging
 - Level 1.7 Stealth
 + Level 8.8 Spellcasting
 + Level 9.0 Conjurations
 + Level 4.1 Summonings
 - Level 7.0 Translocations
 - Level 6.0 Air Magic
 - Level 6.0 Poison Magic


You had 16 spell levels left.
You knew the following spells:

 Your Spells              Type           Power        Failure   Level
c - Mephitic Cloud        Conj/Pois/Air  44%          1%          3
i - Call Imp              Summ           30%          2%          2
m - Magic Dart            Conj           100%         1%          1
s - Searing Ray           Conj           100%         1%          2
X - Iskenderun's Mystic   Conj/Tloc      49%          3%          4

Your spell library contained the following spells:

 Spells                   Type           Power        Failure   Level
 Blink                    Tloc           N/A          1%          2
 Corpse Rot               Necr/Air       N/A          4%          2
 Conjure Flame            Conj/Fire      32%          4%          3
 Dazzling Flash           Conj/Hex       64%          4%          3
 Stone Arrow              Conj/Erth      64%          4%          3
 Sandblast                Erth           20%          10%         1
 Passwall                 Tmut/Erth      8%           14%         2
 Slow                     Hex            10%          14%         2
 Fulminant Prism          Conj/Hex       16%          16%         4
 Petrify                  Tmut/Erth      10%          67%         4
 Lee's Rapid Deconstruct  Erth           5%           95%         5

Inventory:

Hand Weapons
 a - the +5 hand crossbow "Xeusuinu" {freeze, rElec MP+9 Str+4}
   (You took it off an orc on level 11 of the Dungeon)

   It causes projectiles fired from it to freeze those they strike, causing
   extra injury to most foes and up to half again as much damage against
   particularly susceptible opponents.
   They can also slow down cold-blooded creatures.
   It affects your strength (+4).
   It insulates you from electricity.
   It affects your magic capacity (+9).
 E - the +7 war axe "Kabelipn" (weapon) {flame, Fragile rN+ Str+2 Dex+4}
   (You bought it in a shop on level 4 of the Dungeon)

   It has been specially enchanted to burn those struck by it, causing extra
   injury to most foes and up to half again as much damage against particularly
   susceptible opponents.
   Big, fiery blades are also staple armaments of hydra-hunters.
   It affects your strength (+2).
   It affects your dexterity (+4).
   It protects you from negative energy.
   It will be destroyed if unequipped.
 K - the +6 hand axe "Ikhlynig" {freeze, rN+, unknown}
   (You found it on level 7 of the Dungeon)

   It has been specially enchanted to freeze those struck by it, causing extra
   injury to most foes and up to half again as much damage against particularly
   susceptible opponents.
   It can also slow down cold-blooded creatures.
   It protects you from negative energy.
 V - a +0 hand crossbow
   (You took it off a big kobold on level 9 of the Dungeon)
Missiles
 k - 19 sling bullets
 t - 31 poisoned darts (quivered)
 F - 7 boomerangs
 M - 7 silver boomerangs
 U - 73 bolts
Armour
 d - a +1 pair of boots of rampaging (worn)
   (You found it on level 7 of the Dungeon)
 n - a +0 cloak (worn)
   (You found it on level 2 of the Dungeon)
 x - the +2 helmet "Guabeul" (worn) {Str+6}
   (You found it on level 4 of the Dungeon)

   It affects your strength (+6).
 y - the +1 ring mail of the Ladybird {rN+ Str+7 Int-4}
   (You found it on level 11 of the Dungeon)

   It affects your strength (+7).
   It affects your intelligence (-4).
   It protects you from negative energy.
 N - +1 swamp dragon scales (worn)
   (You took it off Maggie on level 7 of the Dungeon)
 W - the +1 leather armour of Uskayaw's Approval {+Fly Will- Dex+8 Stlth+}
   (You bought it in a shop on level 9 of the Dungeon)

   It affects your dexterity (+8).
   It affects your willpower, your defense against some magical effects.
   It lets you fly.
   It makes you more stealthy.
 X - a +0 pair of gloves of dexterity (worn)
   (You found it on level 11 of the Dungeon)
 Y - the +0 scale mail of Freedom {rF+}
   (You bought it in a shop on level 9 of the Dungeon)

   It protects you from fire.
Magical Staves
 T - a cursed staff of cold {unknown}
   (You found it on level 11 of the Dungeon)
Jewellery
 s - a ring of willpower (left hand)
   (You found it on level 8 of the Dungeon)
 u - an uncursed ring of willpower
   (You found it on level 4 of the Dungeon)
 L - an uncursed ring of flight
   (You found it on level 2 of the Dungeon)
 R - an uncursed ring of resist corrosion
   (You found it on level 10 of the Dungeon)
 S - a +6 ring of strength (right hand)
   (You found it on level 4 of the Dungeon)
Wands
 f - a wand of enslavement (10)
   (You found it on level 10 of the Dungeon)
 w - a wand of iceblast (12)
   (You found it on level 4 of the Dungeon)
 C - a wand of acid (5)
   (You found it on level 5 of the Dungeon)
 I - a wand of paralysis (14)
   (You found it on level 7 of the Dungeon)
 J - a wand of digging (5)
   (You found it on level 7 of the Dungeon)
 Z - a wand of disintegration (16)
   (You found it on level 10 of the Dungeon)
Scrolls
 b - 3 scrolls of amnesia
 e - a scroll of magic mapping {!r}
 h - 2 scrolls of holy word {!r}
 i - 6 scrolls of teleportation {@r4}
 j - 2 scrolls of blinking {!r}
 l - 5 scrolls of immolation {!r!r}
 m - 3 scrolls of fog
 o - 7 scrolls of remove curse {@r2}
 r - 3 scrolls of enchant armour
 Q - a scroll of fear {unknown}
Potions
 g - a potion of resistance {unknown}
 p - 2 potions of attraction {!q}
 q - 5 potions of curing {@q1}
 v - 3 potions of flight
 z - 3 potions of mutation {!q}
 A - a potion of magic {unknown}
 B - 4 potions of heal wounds {@q2}
 D - a potion of lignification {unknown}
 G - 2 potions of brilliance {unknown}
 H - a potion of degeneration {unknown}
 O - 2 potions of cancellation {unknown}
 P - 2 potions of might {unknown}
Miscellaneous
 c - a lightning rod (4/4)
   (You found it on level 10 of the Dungeon)

Dungeon Overview and Level Annotations

Branches:
Dungeon (11/15)            Temple (0/1) D:7            Lair (1/6) D:11
    Orc (0/2) D:9

Altars:
Fedhas
Gozag
Hepliaklqana
Kikubaaqudgha
Makhleb
Okawaru
Qazlal
Ru
Sif Muna
Trog
Uskayaw
Xom

Shops:
D:4 (   D:5 = D:9

[}? #...... ...... .F...
.... $ ... #$# ### ##.##
#####.##+ #.@P# #P.......
########..##### ###.......
+......#F#.##.###.#.......
..####.............'.......
##.#..#####.###....... $
###.## ### #....... #.#
#....... #(# ##.##.## ..#
#....##


You could see 2 blink frogs.


Message History

You see here 12 gold pieces.
A boulder beetle is nearby!
You now have 1223 gold pieces (gained 12).
(D) Dungeon (T) Temple (L) Lair (O) Orcish Mines
Where to? (Enter - D:11, ? - help)
What level of the Lair of Beasts? (default 1, ? - help)
The boulder beetle leaps!
There is an open door here.
There is an escape hatch in the floor here.
There is an open door here.
There is a staircase to the Lair here.
You climb downwards.
Welcome to the Lair of Beasts!
There is a staircase back to the Dungeon here.
You now have 1241 gold pieces (gained 18).
You now have 1267 gold pieces (gained 26).
You now have 1278 gold pieces (gained 11).
You now have 1301 gold pieces (gained 23).
You open the door.
There is an open door here.
A blink frog comes into view.
Casting: Magic Dart (safe; 1% risk of failure)
Confirm with . or Enter, or press ? or * to list all spells.
Aiming: Magic Dart (safe; 1% risk of failure)
Press: ? - help, Shift-Dir - straight line, f - blink frog
Aim: a blink frog (asleep, 0% to evade)
The magic dart hits the blink frog.
The blink frog croaks. 😎 MP[-1]
You lost 1 mp, and now have 22/23 mp.
Casting: Magic Dart (safe; 1% risk of failure)
Confirm with . or Enter, or press ? or * to list all spells.
Aiming: Magic Dart (safe; 1% risk of failure)
Press: ? - help, Shift-Dir - straight line, f/p - blink frog
Aim: a blink frog (lightly wounded, 0% to evade)
The magic dart hits the blink frog!
A blink frog comes into view.
The blink frog blinks!
A blink frog comes into view. x2
The blink frog moves out of view. 😎 MP[-1]
You lost 1 mp, and now have 21/23 mp.
Casting: Magic Dart (safe; 1% risk of failure)
Confirm with . or Enter, or press ? or * to list all spells.
Aiming: Magic Dart (safe; 1% risk of failure)
Press: ? - help, Shift-Dir - straight line, f - blink frog
Aim: a blink frog (translocational energy, wandering, hasn't noticed you, 0% to evade)
The magic dart hits the blink frog!
The blink frog croaks.
You hear a croak. 😎 MP[-1]
You lost 1 mp, and now have 20/23 mp.
Casting: Magic Dart (safe; 1% risk of failure)
Confirm with . or Enter, or press ? or * to list all spells.
Aiming: Magic Dart (safe; 1% risk of failure)
Press: ? - help, Shift-Dir - straight line, f/p - blink frog
Aim: a blink frog (moderately wounded, 0% to evade)
The magic dart hits the blink frog! 😎 MP[-1]
You lost 1 mp, and now have 19/23 mp.
Casting: Magic Dart (safe; 1% risk of failure)
Confirm with . or Enter, or press ? or * to list all spells.
You can't see any susceptible monsters within range! (Use Z to cast anyway.)
Casting: Magic Dart (safe; 1% risk of failure)
Confirm with . or Enter, or press ? or * to list all spells.
Aiming: Magic Dart (safe; 1% risk of failure)
Press: ? - help, Shift-Dir - straight line, f/p - blink frog
Aim: a blink frog (moderately wounded, 0% to evade)
The magic dart hits the blink frog. 😎 MP[-1]
You lost 1 mp, and now have 18/23 mp.
Casting: Magic Dart (safe; 1% risk of failure)
Confirm with . or Enter, or press ? or * to list all spells.
Aiming: Searing Ray (safe; 1% risk of failure)
Press: ? - help, Shift-Dir - straight line, f/p - blink frog
Aim: a blink frog (heavily wounded, 30% to evade)
The searing ray hits the blink frog! (Press . to maintain the ray.)
The blink frog blinks! 😎 MP[-1]
You lost 1 mp, and now have 17/23 mp.
The searing ray hits the blink frog! x2 😎 MP[-1]
You lost 1 mp, and now have 16/23 mp.
The searing ray hits the blink frog! x2
You kill the blink frog!
The searing ray hits the blink frog!
The blink frog closely misses you.
You have reached level 12!
Your experience leads to an increase in your attributes!
Your base attributes are Str 8, Int 23, Dex 11.
Increase (S)trength, (I)ntelligence, or (D)exterity?
You feel clever.
You feel agile.
Your demonic ancestry asserts itself...
You feel the presence of a demonic guardian. 😎 HP[+6] MP[-1]
You now have 95 max hp (+6).
Your hp is fully restored (95).
The searing ray hits the blink frog!
You kill the blink frog!
You finish channeling your searing ray.
The blink frog blinks! 😎 MP[-1]
You lost 1 mp, and now have 14/24 mp.
Unknown command.
Are you sure you want to abandon this character and quit the game? (Confirm with "yes".)

Skill      XL: |  1  2  3  4  5  6  7  8  9 10 11 |
---------------+----------------------------------+-----
Fighting       | 1 2 3 4 5 9 |  9.1
Spellcasting   | 3 4 5 8 |  8.8
Conjurations   | 5 6 7 8 9 |  9.0
Air Magic      | 1 2 3 4 5 6 |  6.0
Poison Magic   | 1 2 3 4 5 6 |  6.0
Translocations | 1 2 3 4 6 7 |  7.0
Summonings     | 1 3 4 |  4.1
Dodging        | |  1.7
Stealth        | |  1.7

Action                   |  1- 3 |  4- 6 |  7- 9 | 10-12 || total
-------------------------+-------+-------+-------+-------++-------
Melee: Dagger            |     5 |     9 |    10 |       ||    24
       Whip              |       |       |     9 |       ||     9
       War axe           |       |       |    10 |   106 ||   116
Throw: Stone             |       |       |     5 |       ||     5
       Dart              |       |       |    18 |     4 ||    22
 Cast: Magic Dart        |    80 |    39 |   211 |   231 ||   561
       Searing Ray       |     1 |     9 |    55 |    73 ||   138
       Mephitic Cloud    |       |     1 |     2 |     4 ||     7
Evoke: Wand              |       |       |       |     3 ||     3
  Use: Scroll            |       |       |     8 |     7 ||    15
 Stab: Distracted        |       |       |       |     1 ||     1
       Confused          |       |       |       |     1 ||     1
Armor: Robe              |     2 |     8 |    22 |       ||    32
       Swamp dragon scal |       |       |     9 |   127 ||   136
       Leather armour    |       |       |       |    51 ||    51
Dodge: Dodged            |     9 |    13 |    54 |   212 ||   288

Levels and vault maps discovered:
D:1:      dpeg_arrival_simpleton_c, layout_basic
D:2:      layout_basic
D:3:      layout_rooms, roderic_batcave, dk_noncrumbling_4, uniq_grinder,
          uniq_sigmund
D:4:      layout_cave_pools, nzn_overflow_gifts_of_might_and_magic,
          kiku_gazebo_garden_becter, lemuel_crystal_altar, serial_shops,
          nicolae_shop_stone
D:5:      layout_loops_corners, chequers_temple_overflow_statue_of_worship,
          nicolae_overflow_crystal_walls, serial_shops,
          nicolae_shop_statue_plus, uniq_pikel
D:6:      layout_gridville, kennysheep_mini, nicolae_ru_awakened_eye,
          kennysheep_generic_room_13, uniq_duvessa
D:7:      layout_gridville, minmay_temple_entry_crystal_x, uniq_maggie,
          uniq_menkaure
D:8:      layout_basic, eat_drink_and_be_merry_uskayaw
D:9:      layout_roguey, fedhas_altar_2, orc_0_dummy, serial_shops, shop,
          shop_statue, nicolae_shop_trees, serial_co_window_serial,
          co_window_paths_a, co_window_paths_b, co_window_of_opportunity_a,
          co_window_paths_a, co_window_corner_a, co_window_corner_cb,
          co_window_broadway_b, co_window_corner_cb, glass_columns_a,
          glass_columns_a, glass_columns_a, minmay_misc_feat_five, uniq_erica,
          uniq_grum
D:10:     layout_roguey
D:11:     layout_rooms, grunt_lair_entry_orc_guard_hut,
          minmay_the_grid_square_5x5_3x3_mashed
          [minmay_the_grid_square_5x5_pentomino_r,
          minmay_the_grid_square_5x5_lines, minmay_the_grid_square_5x5_longway,
          minmay_the_grid_square_5x5_almost_minimal,
          minmay_the_grid_square_5x5_megaprize_crossed,
          minmay_the_grid_square_5x5_comb,
          minmay_the_grid_square_5x5_tetrominoes,
          minmay_the_grid_square_5x5_moneybag,
          minmay_the_grid_square_5x5_fancy_junction], uniq_josephine
Lair:1:   layout_roguey, eino_small_chamber_without_monster

Notes
Turn   | Place    | Note
-------+----------+-------------------------------------------
     0 | D:1      | phalm the Demonspawn Conjurer began the quest for the Orb.
     0 | D:1      | Reached XP level 1. HP: 13/13 MP: 3/3
     0 | D:1      | magus.rc [v1.9.10]
   206 | D:1      | HP: 2/14 [hobgoblin (5)]
   510 | D:1      | Gained mutation: You regenerate a little health from kills.
                  | [demonic ancestry]
   510 | D:1      | Reached XP level 2. HP: 20/20 MP: 0/5
   584 | D:1      | Learned a level 2 spell: Searing Ray
  1399 | D:2      | Reached skill level 1 in Fighting
  1751 | D:2      | Gained mutation: You regenerate health from kills. [demonic
                  | ancestry]
  1751 | D:2      | Reached XP level 3. HP: 26/26 MP: 2/6
  2260 | D:3      | You pick up a book of Minor Magic and begin reading...
  2260 | D:3      | You add the spells Blink, Call Imp, Slow, Conjure Flame and
                  | Mephitic Cloud to your library.
  2265 | D:3      | Learned a level 3 spell: Mephitic Cloud
  2410 | D:3      | Reached XP level 4. HP: 32/32 MP: 1/7
  2912 | D:3      | Noticed Grinder
  3476 | D:3      | Noticed Sigmund
  3511 | D:4      | Found Xapt's Antique Weapon Emporium.
  3529 | D:3      | Killed Sigmund
  3530 | D:3      | Reached skill level 2 in Fighting
  3530 | D:3      | Reached skill level 3 in Spellcasting
  3530 | D:3      | Reached skill level 5 in Conjurations
  3530 | D:3      | Reached skill level 1 in Air Magic
  3530 | D:3      | Reached skill level 1 in Poison Magic
  3530 | D:3      | Gained mutation: You are partially covered in icy blue
                  | scales. (AC +2) [demonic ancestry]
  3530 | D:3      | Reached XP level 5. HP: 31/38 MP: 1/9
  3665 | D:3      | Reached skill level 2 in Poison Magic
  3665 | D:3      | Reached XP level 6. HP: 45/45 MP: 5/10
  3790 | D:4      | Reached skill level 2 in Air Magic
  3797 | D:3      | Learned a level 4 spell: Iskenderun's Mystic Blast
  3927 | D:2      | Killed Grinder
  3928 | D:2      | Reached skill level 1 in Translocations
  3928 | D:2      | Reached XP level 7. HP: 42/51 MP: 1/11
  4180 | D:4      | Reached skill level 3 in Poison Magic
  4356 | D:4      | Reached skill level 3 in Fighting
  4356 | D:4      | Reached skill level 6 in Conjurations
  4356 | D:4      | Reached skill level 3 in Air Magic
  4558 | D:4      | Reached skill level 2 in Translocations
  4784 | D:4      | Got a glimmering helmet
  4795 | D:4      | Identified the +2 helmet "Guabeul" {Str+6} (You found it on
                  | level 4 of the Dungeon)
  4857 | D:4      | Found an iron altar of Okawaru.
  4871 | D:4      | Found an ancient bone altar of Kikubaaqudgha.
  4911 | D:4      | Found a shimmering blue altar of Sif Muna.
  4950 | D:4      | Identified Sif Muna's Catalogue of Stolen Souls
  4956 | D:4      | Found a bloodstained altar of Trog.
  4968 | D:4      | Reached XP level 8. HP: 28/58 MP: 0/13
  5440 | D:5      | Entered Level 5 of the Dungeon
  5473 | D:5      | Reached skill level 4 in Poison Magic
  5760 | D:5      | Noticed Pikel
  5770 | D:5      | Killed Pikel
  5771 | D:5      | Reached skill level 4 in Spellcasting
  5771 | D:5      | Reached skill level 3 in Translocations
  5771 | D:5      | Reached skill level 4 in Air Magic
  5860 | D:5      | You pick up a book of Geomancy and begin reading...
  5860 | D:5      | You add the spells Sandblast, Passwall, Stone Arrow,
                  | Petrify and Lee's Rapid Deconstruction to your library.
  6025 | D:5      | Learned a level 2 spell: Call Imp
  6532 | D:5      | Found Wostas's Jewellery Shoppe.
  6711 | D:5      | Found a shimmering altar of Xom.
  6718 | D:5      | Reached skill level 7 in Conjurations
  6718 | D:5      | Reached skill level 1 in Summonings
  6775 | D:5      | Found a burning altar of Makhleb.
  6776 | D:5      | Found an opulent altar of Gozag.
  6803 | D:5      | Reached XP level 9. HP: 65/65 MP: 4/15
  6806 | D:5      | Became a worshipper of Gozag Ym Sagoz the Greedy
  6982 | D:5      | Found a hazy altar of Hepliaklqana.
  7359 | D:4      | Bought a transparent war axe for 195 gold pieces
  7359 | D:4      | Identified the +7 war axe "Kabelipn" {flame, Fragile rN+
                  | Str+2 Dex+4} (You bought it in a shop on level 4 of the
                  | Dungeon)
  7457 | D:6      | Reached skill level 5 in Poison Magic
  7524 | D:6      | Found a sacrificial altar of Ru.
  7616 | D:6      | Reached skill level 4 in Fighting
  7824 | D:6      | Noticed Dowan
  7829 | D:6      | Killed Dowan
  7830 | D:6      | Reached skill level 2 in Summonings
  7909 | D:6      | Noticed Duvessa
  7916 | D:6      | Killed Duvessa
  7917 | D:6      | Reached skill level 4 in Translocations
  8365 | D:6      | Found a stormy altar of Qazlal.
  8700 | D:7      | Reached skill level 5 in Air Magic
  9052 | D:7      | Reached skill level 3 in Summonings
  9165 | D:7      | Found a staircase to the Ecumenical Temple.
  9169 | D:7      | Noticed Menkaure
  9174 | D:7      | Killed Menkaure
  9286 | D:7      | Got a crystal hand axe
  9357 | D:7      | Noticed Maggie
  9368 | D:7      | Killed Maggie
 10262 | D:8      | Reached XP level 10. HP: 62/73 MP: 9/17
 10354 | D:8      | Reached skill level 6 in Poison Magic
 10628 | D:8      | Found a hide-covered altar of Uskayaw.
 10880 | D:8      | Reached skill level 8 in Conjurations
 10971 | D:8      | Reached skill level 5 in Translocations
 11496 | D:9      | Noticed Erica
 11504 | D:9      | Reached skill level 4 in Summonings
 11572 | D:9      | Reached skill level 5 in Spellcasting
 11863 | D:9      | Reached skill level 6 in Air Magic
 11921 | D:9      | Found a blossoming altar of Fedhas.
 11923 | D:9      | Found Fecsiros's Magic Scroll Emporium.
 11929 | D:9      | Bought a scroll of magic mapping for 56 gold pieces
 11929 | D:9      | Bought a scroll of identify for 32 gold pieces
 11968 | D:9      | Noticed Grum
 11991 | D:9      | Killed Grum
 11992 | D:9      | Reached skill level 5 in Fighting
 12168 | D:9      | Found Josch's Gadget Shop.
 12205 | D:9      | Found a staircase to the Orcish Mines.
 12217 | D:9      | Killed Erica
 12218 | D:9      | Reached skill level 6 in Translocations
 12416 | D:9      | Found Baninig's Antique Armour Shop.
 12424 | D:9      | Bought a slimy leather armour for 147 gold pieces
 12424 | D:9      | Bought a pair of embroidered boots for 157 gold pieces
 12454 | D:9      | Identified the +1 leather armour of Uskayaw's Approval
                  | {+Fly Will- Dex+8 Stlth+} (You bought it in a shop on level
                  | 9 of the Dungeon)
 12518 | D:9      | Bought a distressingly furry scale mail for 189 gold pieces
 12528 | D:9      | Identified the +0 scale mail of Freedom {rF+} (You bought
                  | it in a shop on level 9 of the Dungeon)
 13087 | D:10     | Entered Level 10 of the Dungeon
 14117 | D:10     | Reached XP level 11. HP: 70/81 MP: 7/19
 14337 | D:10     | Reached skill level 6 in Spellcasting
 14337 | D:10     | Reached skill level 7 in Translocations
 14580 | D:10     | Killed an unseen horror
 14581 | D:10     | Reached skill level 6 in Fighting
 14581 | D:10     | Reached skill level 9 in Conjurations
 14745 | D:11     | Noticed a boulder beetle
 14767 | D:10     | HP: 11/81 [boulder beetle (44)]
 15657 | D:11     | Found a staircase to the Lair.
 15662 | D:11     | Reached skill level 7 in Fighting
 15667 | D:11     | Noticed a centaur warrior
 15682 | D:11     | Killed a centaur warrior
 15683 | D:11     | Reached skill level 7 in Spellcasting
 15994 | D:11     | Noticed Josephine
 15996 | D:11     | Identified the +5 hand crossbow "Xeusuinu" {freeze, rElec
                  | MP+9 Str+4}
 16001 | D:11     | Killed Josephine
 16002 | D:11     | Reached skill level 8 in Fighting
 16017 | D:11     | Reached skill level 8 in Spellcasting
 16031 | D:11     | Noticed a boulder beetle
 16136 | D:11     | Noticed a green ugly thing
 16337 | D:11     | Noticed a green ugly thing
 16355 | D:11     | Killed a green ugly thing
 16355 | D:11     | Killed a green ugly thing
 16356 | D:11     | Reached skill level 9 in Fighting
 16487 | D:11     | Got a bloodstained ring mail
 16530 | D:11     | Identified the cursed +1 ring mail of the Ladybird {rN+
                  | Str+7 Int-4} (You found it on level 11 of the Dungeon)
 16651 | Lair:1   | Entered Level 1 of the Lair of Beasts
 16704 | Lair:1   | Gained mutation: A weak demonic guardian rushes to your
                  | aid. [demonic ancestry]
 16704 | Lair:1   | Reached XP level 12. HP: 95/95 MP: 15/24
 16705 | Lair:1   | Quit the game

Vanquished Creatures
  Josephine (D:11)
  Erica (D:9)
  A centaur warrior (D:11)
  An unseen horror (D:10)
  Pikel (D:5)
  2 ugly things (D:11)
  2 cyclopes
  2 manticores
  Maggie (D:7)
  A yaktaur (D:11)
  A troll (D:9)
  Grinder (D:2)
  2 blink frogs (Lair:1)
  Sigmund (D:3)
  6 wraiths (D:11)
  Grum (D:9)
  Menkaure (D:7)
  A soldier ant (D:11)
  Duvessa (D:6)
  A water moccasin (D:9)
  7 orc warriors
  5 ice beasts
  4 sky beasts
  2 black bears
  An eye of draining (D:11)
  7 ogres
  5 phantoms
  2 wolves (D:9)
  2 lemures (D:5)
  6 centaurs
  3 big kobolds
  9 bullfrogs
  A wyvern zombie (D:8)
  2 scorpions
  11 killer bees (D:10)
  Dowan (D:6)
  A vampire bat (D:3)
  2 howler monkeys (D:11)
  4 centaur zombies
  2 quasits
  9 hounds
  3 jellies
  10 orc priests
  3 centaur skeletons
  7 orc wizards
  2 iguanas
  7 worker ants
  A killer bee zombie (D:7)
  2 hound skeletons
  A worker ant zombie (D:8)
  11 gnolls (D:5)
  4 howler monkey skeletons
  15 adders
  A shadow imp (D:7)
  2 white imps (D:10)
  A worker ant simulacrum (D:11)
  An ufetubus (D:7)
  3 oozes
  An adder skeleton (D:4)
  7 leopard geckos
  43 orcs
  12 bats
  6 giant cockroaches
  5 goblins
  5 hobgoblins
  11 jackals
  17 kobolds
  A quokka (D:7)
  5 frilled lizards
  A leopard gecko skeleton (D:5)
  A leopard gecko zombie (D:5)
  6 rats
310 creatures vanquished.

Vanquished Creatures (others)
  20 fungi (D:11)
  11 plants (D:11)
31 creatures vanquished.

Grand Total: 341 creatures vanquished

Table legend:
 A = Non-vault XP
 B = Vault XP
 C = Vault XP percentage of total XP
 D = Non-vault monster count
 E = Vault monster count
 F = Vault count percentage of total count
                 A         B        C        D         E       F
            +---------+---------+-------+---------+---------+-------
      Total |   13128 |    9111 |  41.0 |     262 |      46 |  14.9
            +---------+---------+-------+---------+---------+-------
        D:1 |      28 |       0 |   0.0 |      18 |       0 |   0.0
        D:2 |      84 |     295 |  77.8 |      11 |       1 |   8.3
        D:3 |      83 |     288 |  77.6 |      21 |       9 |  30.0
        D:4 |     580 |     175 |  23.2 |      12 |       2 |  14.3
        D:5 |     755 |     607 |  44.6 |      30 |       1 |   3.2
        D:6 |     895 |     299 |  25.0 |      23 |       3 |  11.5
        D:7 |     859 |     558 |  39.4 |      21 |       2 |   8.7
        D:8 |    1269 |       0 |   0.0 |      19 |       0 |   0.0
        D:9 |    1447 |    1356 |  48.4 |      36 |       4 |  10.0
       D:10 |    3450 |       0 |   0.0 |      44 |       0 |   0.0
       D:11 |    3144 |    5533 |  63.8 |      25 |      24 |  49.0
     Lair:1 |     534 |       0 |   0.0 |       2 |       0 |   0.0
            +---------+---------+-------+---------+---------+-------

Illustrated notes

Table legend:
 A = Kills in this place as a percentage of kills in entire the game.
 B = Kills by you in this place as a percentage of kills by you in the entire game.
 C = Kills by friends in this place as a percentage of kills by friends in the entire game.
 D = Other kills in this place as a percentage of other kills in the entire game.
 E = Experience gained in this place as a percentage of experience gained in the entire game.
 F = Experience gained in this place divided by the number of levels of this place that you have seen.
                   A       B       C       D       E      F
               +-------+-------+-------+-------+-------+----------------------
         Total | 100.0 | 100.0 |   N/A | 100.0 | 100.0 | 1853.2
       Dungeon |  99.4 |  99.3 |   N/A | 100.0 |  97.6 | 1973.2
          Lair |   0.6 |   0.7 |   N/A |   0.0 |   2.4 | 534.0
               +-------+-------+-------+-------+-------+----------------------

Table legend: (Time is in decaauts)
 A = Elapsed time spent in this place.
 B = Non-inter-level travel time spent in this place.
 C = Inter-level travel time spent in this place.
 D = Time resting spent in this place.
 E = Time spent auto-exploring this place.
 F = Levels seen in this place.
 G = Mean time per level.
                   A        B        C        D        E       F      G
               +--------+--------+--------+--------+--------+-----+--------+
         Total |  16778 |  16072 |    706 |     71 |  13583 |  12 | 1398.2 |
       Dungeon |  16724 |  16019 |    705 |     71 |  13540 |  11 | 1520.4 |
          Lair |     53 |     53 |      0 |      0 |     43 |   1 |   53.0 |
               +--------+--------+--------+--------+--------+-----+--------+

Top non-repeatable levels by time:
     D:9: 1842 daAuts
    D:10: 1804 daAuts
     D:5: 1706 daAuts
     D:7: 1610 daAuts
    D:11: 1516 daAuts
     D:1: 1511 daAuts
     D:6: 1453 daAuts
     D:3: 1443 daAuts
     D:8: 1299 daAuts
     D:2: 1296 daAuts
     D:4: 1240 daAuts
  Lair:1: 53 daAuts
